 Dungeon Crawl Stone Soup version 0.31.0-11-ge490571c62 (webtiles) character file.

Game seed: 9001927966210373375

809 ezpacito the Chopper (level 7, 0/55 HPs)
             Began as a Demonspawn Berserker on Feb 8, 2024.
             Was a Priest of Trog.
             Slain by a troll (11 damage)
             ... on level 6 of the Dungeon.
             The game lasted 00:06:03 (4637 turns).

ezpacito the Chopper (Demonspawn Berserker)         Turns: 4637, Time: 00:06:03

Health: 0/55       AC: 12    Str: 18    XL:     7   Next: 61%
Magic:  7/7        EV:  8    Int:  7    God:    Trog [***...]
Gold:   267        SH:  0    Dex: 14    Spells: 6/6 levels left

rFire   . . .        a - +0 hand axe
rCold   . . .        (no shield)
rNeg    . . .        p - +0 chain mail
rPois   +            (helmet restricted)
rElec   .            (no cloak)
rCorr   .            (no gloves)
SInv    .            (no boots)
Will    +....        B - amulet of magic regeneration Stlth
                     s - ring of poison resistance
HPRegen 0.29/turn    t - +4 ring of slaying
MPRegen 0.60/turn

%: no passive effects
@: enlightened, flying
A: horns 1, thin metallic scales 2, demonic guardian 1, magic regeneration
a: Renounce Religion, Berserk, Trog's Hand


You were on level 6 of the Dungeon.
You worshipped Trog.
Trog was most pleased with you.
You visited 2 branches of the dungeon, and saw 7 of its levels.

You collected 275 gold pieces.
You spent 8 gold pieces at shops.

Inventory:

Hand Weapons
 a - a +0 hand axe (weapon)
 v - a +2 whip of venom
Missiles
 l - 42 stones (quivered)
 n - 3 atropa-tipped darts
 H - 6 poisoned darts
 I - 4 boomerangs
 L - a throwing net
Armour
 p - a +0 chain mail (worn)
Jewellery
 s - a ring of poison resistance (left hand)
 t - a +4 ring of slaying (right hand)
 u - a +4 ring of protection
 B - an amulet of magic regeneration (around neck)
 E - a ring of see invisible
 J - a ring of flight
Wands
 C - a wand of iceblast (7)
 G - a wand of flame (8)
 K - a wand of paralysis (14)
Scrolls
 b - a scroll of noise
 c - a scroll of enchant armour
 h - 2 scrolls of teleportation
 j - a scroll of vulnerability
 k - 2 scrolls of brand weapon
 q - a scroll of enchant weapon
 w - a scroll of summoning {unknown}
 x - a scroll of immolation {unknown}
 y - 2 scrolls of revelation {unknown}
 A - a scroll of blinking {unknown}
Potions
 d - 3 potions of might {unknown}
 e - 3 potions of enlightenment
 f - a potion of degeneration {unknown}
 i - 4 potions of curing {unknown}
 m - a potion of magic {unknown}
 r - a potion of attraction {unknown}
 z - a potion of brilliance {unknown}
 D - a potion of mutation {unknown}
 F - a potion of berserk rage {unknown}
 M - a potion of lignification {unknown}


   Skills:
 * Level 4.3 Fighting
 * Level 5.1 Axes
 * Level 1.4 Throwing
 * Level 3.5 Armour
 * Level 2.9 Dodging
 * Level 2.2 Stealth
 * Level 1.8 Unarmed Combat
 * Level 1.5 Evocations


You had 6 spell levels left.
You didn't know any spells.
Your spell library was empty.

Dungeon Overview and Level Annotations

Branches:
Dungeon (6/15)             Temple (1/1) D:5

Altars:
Ashenzari
Cheibriados
Fedhas
Gozag
Hepliaklqana
Kikubaaqudgha
Makhleb
Okawaru
Qazlal
Trog
Uskayaw
Vehumet
Wu Jian
Xom
Yredelemnul

Shops:
D:3 (

Annotations:
Temple 2 transporters


Innate Abilities, Weirdness & Mutations

You have a pair of small horns on your head.
You are mostly covered in thin metallic scales. (AC +3)
A weak demonic guardian rushes to your aid.
You regenerate magic rapidly.


Message History

The troll shouts!
A troll is nearby!
A troll is nearby!
The troll barely misses you. The troll closely misses you. x2
You closely miss the troll. The troll bites you but does no damage.
The troll barely misses you. The troll claws you.
You slash the troll!
The troll is moderately wounded.
The troll bites you but does no damage. The troll claws you.
The troll claws you but does no damage.
You hit the troll.
The troll is moderately wounded.
The troll bites you. The troll barely misses you.
The troll claws you but does no damage. The troll bites you.
The troll closely misses you. The troll claws you.
You hit the troll.
The troll is heavily wounded.
The troll bites you but does no damage. The troll claws you. x2
You hit the troll but do no damage.
The troll is heavily wounded.
The troll bites you. The troll claws you! x2
* * * LOW HITPOINT WARNING * * *
You are too injured to fight recklessly!
You are too injured to fight recklessly!
You are too injured to fight recklessly!
You are too injured to fight recklessly!
You are too injured to fight recklessly!
You are too injured to fight recklessly!
You are too injured to fight recklessly!
You are too injured to fight recklessly!
You are too injured to fight recklessly!
You are too injured to fight recklessly!
Okay, then.
Okay, then.
Okay, then.
Okay, then.
It was a potion of enlightenment.
You feel very buoyant.
You fly up into the air.
The troll closely misses you. The troll claws you!
You die...

.......##.# #.#
..........[#..###.#
.................#
....####.^.######
...####..##
........##
##.####.#
...###.##...#
......T@....#
............#
............#
...#..#.....# ..
#.##.....# . #.
#.....# # #.....#
#.....#


You could see a troll.

Vanquished Creatures
  An ice beast (D:5)
  A phantom (D:5)
  2 scorpions
  A bombardier beetle (D:5)
  An orc priest (D:5)
  4 hounds (D:5)
  Natasha (thrice) (D:3)
  2 iguanas
  An orc wizard (D:5)
  4 gnolls (D:5)
  3 adders
  A shadow imp (D:5)
  A white imp (D:5)
  2 ufetubi (D:6)
  4 dart slugs
  3 ribbon worms (D:2)
  11 orcs
  7 bats
  6 endoplasms
  2 giant cockroaches
  3 goblins
  7 hobgoblins
  2 jackals (D:1)
  2 quokkas
  7 ball pythons
  10 kobolds
  4 rats
95 creatures vanquished.

Notes
Turn   | Place    | Note
-------+----------+-------------------------------------------
     0 | D:1      | ezpacito the Demonspawn Berserker began the quest for the
                  | Orb.
     0 | D:1      | Reached XP level 1. HP: 18/18 MP: 1/1
   299 | D:1      | Gained mutation: You are partially covered in thin metallic
                  | scales. (AC +2) [demonic ancestry]
   299 | D:1      | Reached XP level 2. HP: 22/24 MP: 2/2
   545 | D:1      | Reached skill level 3 in Axes
   879 | D:2      | Gained mutation: You regenerate magic rapidly. [demonic
                  | ancestry]
   879 | D:2      | Reached XP level 3. HP: 29/29 MP: 3/3
  1232 | D:2      | Reached ** piety under Trog
  1791 | D:3      | Reached skill level 1 in Stealth
  1798 | D:3      | Gained mutation: A weak demonic guardian rushes to your
                  | aid. [demonic ancestry]
  1798 | D:3      | Reached XP level 4. HP: 30/35 MP: 4/4
  2070 | D:3      | Noticed Natasha
  2076 | D:3      | Killed Natasha
  2077 | D:3      | Gained mutation: You have a pair of small horns on your
                  | head. [demonic ancestry]
  2077 | D:3      | Reached XP level 5. HP: 42/42 MP: 5/5
  2177 | D:3      | Found Ashraelek's Weapon Shoppe.
  2185 | D:3      | Bought 8 stones for 8 gold pieces
  2280 | D:3      | Noticed Natasha
  2292 | D:3      | Killed Natasha
  2688 | D:3      | Noticed Natasha
  2696 | D:3      | Killed Natasha
  2697 | D:3      | Reached skill level 4 in Axes
  2697 | D:3      | Reached skill level 1 in Unarmed Combat
  2913 | D:4      | You fall into a shaft and drop 1 floor!
  2913 | D:5      | Entered Level 5 of the Dungeon
  2962 | D:5      | Noticed a phantom
  2975 | D:5      | Killed a phantom
  2976 | D:5      | Reached XP level 6. HP: 48/48 MP: 6/6
  2990 | D:5      | Found a staircase to the Ecumenical Temple.
  3010 | Temple   | Found a transporter.
  3010 | Temple   | Found a transporter.
  3010 | Temple   | Found a transporter.
  3010 | Temple   | Found a transporter.
  3010 | Temple   | Entered the Ecumenical Temple
  3121 | D:5      | Noticed an ice beast
  3134 | D:5      | Killed an ice beast
  3231 | D:5      | Reached skill level 1 in Evocations
  3247 | D:5      | Reached skill level 1 in Throwing
  3247 | D:5      | Gained mutation: You are mostly covered in thin metallic
                  | scales. (AC +3) [demonic ancestry]
  3247 | D:5      | Reached XP level 7. HP: 53/54 MP: 7/7
  4039 | D:5      | Reached *** piety under Trog
  4298 | D:5      | Reached skill level 5 in Axes
  4628 | D:6      | Noticed a troll
  4637 | D:6      | Slain by a troll

Illustrated notes

Levels and vault maps discovered:
D:1:      sevenhm_arrival_forest_fort_small_5, layout_basic
D:2:      layout_loops_ring, minmay_liquid_box, minmay_misc_feat_alley
D:3:      layout_loops_ring, serial_shops, nicolae_shop_bloodbath_and_beyond,
          uniq_natasha
D:4:      layout_loops_ring, nicolae_ru_the_path_less_chosen
D:5:      layout_basic, nicolae_tso_carved_into_rock, minmay_temple_entry_grid
D:6:      layout_basic, nicolae_sif_muna_condensation
Temple:   hellmonk_temple_divided_pantheon

Skill      XL: |  1  2  3  4  5  6  7 |
---------------+----------------------+-----
Axes           | 3 4 5 |  5.1
Dodging        | 2 |  2.9
Armour         | 2 3 |  3.5
Stealth        | 1 2 |  2.2
Unarmed Combat | 1 |  1.8
Fighting       | 4 |  4.3
Evocations     | 1 |  1.5
Throwing       | 1 |  1.4

Action                     |  1- 3 |  4- 6 |  7- 9 || total
---------------------------+-------+-------+-------++-------
  Melee: Hand axe          |   128 |   119 |    66 ||   313
         Punch             |     1 |     1 |       ||     2
         Headbutt          |       |     9 |     9 ||    18
 Invoke: Berserk           |     2 |       |       ||     2
    Use: Scroll            |       |       |     7 ||     7
         Potion            |       |       |     1 ||     1
   Stab: Sleeping          |     1 |       |       ||     1
 Armour: Animal skin       |    47 |       |       ||    47
         Chain mail        |    44 |    90 |    76 ||   210
  Dodge: Dodged            |    81 |    52 |    36 ||   169
